 Dungeon Crawl Stone Soup version 0.26.1-2-gb8aa6d0cf2 (webtiles) character file.

Game seed: 16882436776884194855

4910 DwarfAlpaca the Frost Mage (level 10, 0/63 HPs)
             Began as a Merfolk Ice Elementalist on Mar 25, 2021.
             Was a Believer of Sif Muna.
             Killed from afar by an electric eel (7 damage)
             ... with a bolt of electricity
             ... on level 9 of the Dungeon.
             The game lasted 00:53:50 (12503 turns).

DwarfAlpaca the Frost Mage (MfIE)                  Turns: 12503, Time: 00:53:50

Health: 0/63       AC:  2    Str: 21    XL:     10   Next: 51%
Magic:  4/20       EV: 19    Int: 18    God:    Sif Muna [**....]
Gold:   450        SH:  0    Dex: 14    Spells: 8/23 levels left

rFire    . . .     SeeInvis .   G - +3 dagger (elec)
rCold    . . .     Faith    +   (no shield)
rNeg     . . .     Spirit   .   a - +0 robe
rPois    .         Reflect  .   (no helmet)
rElec    .         Harm     .   (no cloak)
rCorr    .         Rampage  .   (no gloves)
Will     .....                  (no boots)
Stlth    ++........             x - amulet of faith
HPRegen  0.20/turn              r - +6 ring of strength
MPRegen  0.17/turn              v - +6 ring of strength

@: no status effects
A: change form in water, swift swim, stealthy swim
a: Renounce Religion, Channel Magic


You were on level 9 of the Dungeon.
You worshipped Sif Muna.
Sif Muna was pleased with you.
You visited 2 branches of the dungeon, and saw 10 of its levels.

You collected 540 gold pieces.
You spent 90 gold pieces at shops.

Inventory:

Hand Weapons
 G - a +3 dagger of electrocution (weapon)
Missiles
 h - 4 boomerangs (quivered)
Armour
 a - a +0 robe (worn)
 y - a +0 buckler
Jewellery
 r - a +6 ring of strength (left hand)
 v - a +6 ring of strength (right hand)
 x - an amulet of faith (around neck)
Wands
 A - a wand of enslavement (9)
 C - a wand of iceblast (24)
Scrolls
 b - 5 scrolls of identify
 d - 4 scrolls of fear
 e - a scroll of fog
 g - 4 scrolls of remove curse
 i - 5 scrolls of teleportation
 m - 5 scrolls of enchant armour
 n - 4 scrolls of amnesia
 q - 2 scrolls of enchant weapon
 t - 3 scrolls of random uselessness {unknown}
 D - a scroll of noise {unknown}
 F - a scroll of silence {unknown}
Potions
 c - 2 potions of brilliance
 f - a potion of magic
 j - 2 potions of attraction {unknown}
 k - 3 potions of heal wounds
 l - 2 potions of flight
 o - a potion of degeneration {unknown}
 p - a potion of resistance {unknown}
 s - a potion of haste {unknown}
 u - 6 potions of lignification
 w - 3 potions of curing {unknown}
 z - a potion of invisibility
 B - a potion of might
 E - a potion of ambrosia {unknown}


   Skills:
 + Level 10.3 Dodging
 - Level 2.2 Stealth
 + Level 7.1 Spellcasting
 * Level 12.2 Ice Magic


You had 8 spell levels left.
You knew the following spells:

 Your Spells              Type           Power        Failure   Level
a - Freeze                Ice            100%         1%          1
b - Frozen Ramparts       Ice            100%         1%          3
c - Hailstorm             Conj/Ice       28%          9%          4
d - Ozocubu's Armour      Ice            50%          1%          3
e - Summon Ice Beast      Ice/Summ       28%          9%          4

Your spell library contained the following spells:

 Spells                   Type           Power        Failure   Level


Dungeon Overview and Level Annotations

Branches:
Dungeon (9/15)             Temple (1/1) D:6            Lair (0/6) D:8
    Orc: D:9-12

Altars:
Ashenzari
Cheibriados
Dithmenos
Elyvilon
Fedhas
Gozag
Kikubaaqudgha
Makhleb
Nemelex Xobeh
Okawaru
Qazlal
Ru
Sif Muna
Uskayaw
Vehumet
Wu Jian
Xom
Yredelemnul
Zin
The Shining One

Shops:
D:6 ?(*(

Annotations:
D:9 Harold


Message History

The iceblast engulfs you!
* * * LOW HITPOINT WARNING * * *
Harold throws a throwing net.
The throwing net barely misses you.
You see here a throwing net.
Harold says, "I was hoping my final job would be more of a challenge, but money is money."
Harold throws a throwing net.
The throwing net hits you.
You become entangled in the net!
You see here a throwing net.
As you read the scroll of fear, it crumbles to dust.
You assume a fearsome visage.
Harold looks frightened!
The six-headed hydra looks frightened!
The electric eel looks frightened!
You struggle against the net.
You struggle against the net.
You struggle against the net.
You struggle against the net.
You rip the net and break free!
The six-headed hydra seems to regain its courage.
The electric eel shoots out a bolt of lightning at you!
The bolt of electricity hits you!
You die...

#################
##[<.[D..((....).##
##..).)....((.(....##
#....[.(.....###....##
#.....).)(....# #[....##
#.............(###......##
###............@.......).##
#.......................##
#........................##
.......≈...................##
......≈≈;...................#
......≈...................##
...../.........≈.....# ##
........#.....≈≈≈....###.
........###.....≈.......<.


You could see a six-headed hydra (fleeing) and an electric eel.

Vanquished Creatures
  Pikel (D:6)
  Maggie (D:7)
  A troll (D:8)
  Eustachio (D:4)
  Edmund (D:6)
  Duvessa (D:5)
  4 black bears
  2 orc warriors
  A sky beast (D:4)
  4 ogres
  A centaur (D:7)
  A big kobold (D:8)
  4 bullfrogs
  Blork the orc (D:5)
  A water moccasin zombie (D:5)
  5 scorpions
  5 killer bees (D:7)
  4 howler monkeys
  3 wights (D:8)
  An electric eel (D:8)
  A bullfrog zombie (D:6)
  A centaur zombie (D:6)
  A hound (D:3)
  11 orc wizards
  9 orc priests
  3 jellies
  3 iguanas
  A bullfrog skeleton (D:8)
  3 worker ants
  A hound skeleton (D:5)
  A howler monkey zombie (D:5)
  Robin (D:3)
  6 adders
  2 white imps
  2 ufetubi (D:5)
  2 oozes
  An adder zombie (D:9)
  2 worms
  4 dart slugs
  2 leopard geckos
  33 orcs
  A ball python (D:3)
  6 giant cockroaches
  8 hobgoblins
  10 jackals
  3 quokkas
  4 bats
  7 frilled lizards
  13 goblins
  10 kobolds
  A leopard gecko skeleton (D:6)
  A quokka skeleton (D:8)
  A quokka zombie (D:6)
  7 rats
  5 rat zombies (D:6)
210 creatures vanquished.

Vanquished Creatures (collateral kills)
  An ice beast (D:8)
  A centaur (D:8)
  A wight (D:8)
3 creatures vanquished.

Vanquished Creatures (others)
  A plant (D:6)
1 creature vanquished.

Grand Total: 214 creatures vanquished

Notes
Turn   | Place    | Note
-------+----------+-------------------------------------------
     0 | D:1      | DwarfAlpaca the Merfolk Ice Elementalist began the quest
                  | for the Orb.
     0 | D:1      | Reached XP level 1. HP: 13/13 MP: 3/3
   111 | D:1      | You fall into a shaft and drop 1 floor!
   147 | D:2      | Reached XP level 2. HP: 12/19 MP: 0/5
   789 | D:2      | Reached XP level 3. HP: 24/24 MP: 3/6
   897 | D:2      | Found a sparkling altar of Nemelex Xobeh.
  1128 | D:2      | Reached skill level 5 in Ice Magic
  1726 | D:2      | Learned a level 3 spell: Frozen Ramparts
  1844 | D:3      | Noticed Robin
  1887 | D:3      | Killed Robin
  1888 | D:3      | Reached XP level 4. HP: 20/30 MP: 1/7
  2006 | D:3      | Noticed an orc warrior
  2267 | D:3      | Reached XP level 5. HP: 29/35 MP: 4/9
  2693 | D:3      | Killed an orc warrior
  2694 | D:3      | Reached skill level 6 in Ice Magic
  2694 | D:3      | Reached XP level 6. HP: 20/41 MP: 4/10
  2865 | D:3      | Reached skill level 5 in Dodging
  3323 | D:3      | Reached skill level 7 in Ice Magic
  3323 | D:3      | Reached XP level 7. HP: 40/46 MP: 8/12
  3781 | D:4      | Noticed Eustachio
  4684 | D:4      | Killed Eustachio
  4685 | D:4      | Reached skill level 8 in Ice Magic
  4685 | D:4      | Reached XP level 8. HP: 32/52 MP: 8/14
  5058 | D:5      | Entered Level 5 of the Dungeon
  5889 | D:5      | Noticed Blork the orc
  5951 | D:5      | Noticed Duvessa
  5968 | D:6      | Noticed Edmund
  5969 | D:6      | Reached skill level 9 in Ice Magic
  6076 | D:6      | Found a blossoming altar of Fedhas.
  6118 | D:6      | Found Jyaguli's Magic Scroll Boutique.
  6124 | D:6      | Found Elozxav's Antique Weapon Shoppe.
  6126 | D:6      | Bought a scroll of enchant armour for 90 gold pieces
  6355 | D:5      | Killed Blork the orc
  6356 | D:5      | Reached skill level 5 in Spellcasting
  6528 | D:5      | Killed Duvessa
  7049 | D:6      | Found Neateph's Weapon Shoppe.
  7057 | D:6      | Found a staircase to the Ecumenical Temple.
  7090 | D:6      | Reached XP level 9. HP: 57/57 MP: 13/16
  7134 | Temple   | Entered the Ecumenical Temple
  7179 | Temple   | Became a worshipper of Sif Muna the Loreminder
  7357 | D:6      | Noticed Pikel
  7376 | D:6      | Found Yfata's General Store.
  7426 | D:6      | Killed Edmund
  7464 | D:6      | Reached skill level 10 in Ice Magic
  7748 | D:6      | Killed Pikel
  7929 | D:6      | Learned a level 4 spell: Hailstorm
  7933 | D:6      | Learned a level 3 spell: Ozocubu's Armour
  7938 | D:6      | Learned a level 4 spell: Summon Ice Beast
  8019 | D:6      | Found an ancient bone altar of Kikubaaqudgha.
  8198 | D:7      | Reached * piety under Sif Muna
  8418 | D:7      | Noticed Maggie
  8478 | D:7      | You fall into a shaft and drop 2 floors!
  8481 | D:9      | Noticed a troll
  8552 | D:8      | Reached skill level 11 in Ice Magic
  9177 | D:8      | Found a white marble altar of Elyvilon.
  9280 | D:8      | Found a staircase to the Lair.
 10024 | D:7      | Found a shimmering altar of Xom.
 10136 | D:7      | Reached XP level 10. HP: 58/63 MP: 15/19
 10333 | D:7      | Killed Maggie
 10951 | D:9      | Noticed Harold
 11145 | D:8      | Reached skill level 10 in Dodging
 11159 | D:9      | Noticed a six-headed hydra
 11162 | D:8      | Reached ** piety under Sif Muna
 11249 | D:8      | Reached skill level 12 in Ice Magic
 12503 | D:9      | Killed from afar by an electric eel

Illustrated notes

Levels and vault maps discovered:
D:1:      roderic_crop_circles_arrival_small, layout_basic
D:2:      layout_basic, lemuel_doored_altar
D:3:      layout_basic, grunt_ministairs_8, minmay_vboxes, uniq_robin
D:4:      layout_basic, uniq_eustachio
D:5:      layout_rooms, uniq_duvessa, uniq_blork_the_orc
D:6:      layout_cave_pools, lemuel_zombie_altar_kikubaaqudgha,
          minmay_temple_entry_statues, serial_shops, shop, shop,
          nicolae_shop_behind_doors, shop, dk_vineyard_1, fedhas_ov_isle_minmay,
          uniq_edmund, uniq_pikel
D:7:      layout_loops_ring, nicolae_overflow_crystal_walls, serial_rivers,
          chequers_serial_rivers_micro_e, chequers_serial_rivers_micro_c,
          chequers_serial_rivers_micro_c, chequers_serial_rivers_micro_d,
          uniq_maggie
D:8:      layout_cave_pods, elyvilon_altar_3, lair_entry_dummy,
          nicolae_water_bricks
D:9:      layout_big_octagon, gammafunk_temple_overflow_pools, uniq_harold
Temple:   nicolae_temple_elliptical

Skill      XL: |  1  2  3  4  5  6  7  8  9 10 |
---------------+-------------------------------+-----
Dodging        | 3 4 5 6 7 9 10 | 10.3
Ice Magic      | 5 6 7 8 9 11 12 | 12.2
Spellcasting   | 3 4 5 6 7 |  7.1
Stealth        | |  2.2

Action                   |  1- 3 |  4- 6 |  7- 9 | 10-12 || total
-------------------------+-------+-------+-------+-------++-------
Melee: Unarmed           |     2 |       |       |       ||     2
       Short sword       |     6 |    30 |    18 |       ||    54
       Dagger            |       |       |   142 |    20 ||   162
Throw: Boomerang         |       |       |     1 |     7 ||     8
 Cast: Freeze            |    41 |    33 |   126 |    23 ||   223
       Frozen Ramparts   |     2 |    10 |    31 |    13 ||    56
       Hailstorm         |       |       |     8 |    20 ||    28
       Summon Ice Beast  |       |       |     5 |     3 ||     8
       Ozocubu's Armour  |       |       |     2 |     2 ||     4
Evoke: Wand              |       |    10 |     2 |       ||    12
  Use: Scroll            |       |       |    12 |     1 ||    13
       Potion            |       |       |     1 |       ||     1
 Stab: Sleeping          |     1 |       |     1 |       ||     2
Armor: Robe              |     4 |     5 |    24 |     4 ||    37
Dodge: Dodged            |    25 |    25 |   229 |    97 ||   376
